AoeStats
← TheGreatKING

Arena

510817539Analyzed
1v1 RM · 19h ago on Oct 2, 2026· 42m 8s· 2 players
Game mode
Random Map
Map size
Tiny (2 player)
Population
200
Speed
Normal
Resources
Standard
Victory
Conquest
Starting age
Dark Age
Ending age
Imperial Age
RankedLock teamsTeams togetherTeam positionsShared explorationLock speedFull tech treeHidden civsTurbo modeCheats
Victory
Defeat
🇹🇷 Turks · Türkiye
1188
+15
🇩🇪 Britons · Germany
1173
-15
Kaltenburg
10:45 Feudal Age
14:39 Castle Age
13:08 Horse Collar
13:59 Double-Bit Axe
23:28 Fletching
26:56 Imperial Age
24:44 Gold Mining
25:06 Fletching
25:56 Masonry
26:07 Masonry
28:44 Chemistry
30:16 Ballistics
31:25 Bodkin Arrow
32:03 Conscription
32:35 Bracer
33:08 Yeomen
34:11 Scale Mail Armor
34:49 Forging
34:01 Man-at-Arms
34:27 Gambesons
34:38 Long Swordsman
35:15 Town Watch
36:50 Heavy Plow
37:05 Bow Saw
36:53 Two-Handed Swordsman
38:41 Champion
41:45 Chain Mail Armor
TheGreatKING
0:26 Loom
11:12 Feudal Age
11:55 Double-Bit Axe
18:06 Castle Age
17:27 Horse Collar
27:10 Imperial Age
32:18 Wheelbarrow
32:16 Bloodlines
33:19 Artillery
34:17 Scale Barding Armor
34:23 Forging
Connection lost

Rejoining the realm…

Still unreachable

The connection could not be restored.

Session expired

The server has moved on; the page needs a fresh start.